Map: 천상의 쟁탈전

Players

테라진

  • Race: Protoss Protoss
  • Spawn Location: 7:00

CrownChan

  • Race: Terran Terran
  • Spawn Location: 6:00

VOD

Have the link to the VOD?

Description

Time

  • Played on: Aug. 26, 2017, 11:33 p.m.
  • Length: 24:50
Show
View Real Time Build Order
Export as new Build Order

테라진 Protoss 

Build Orders:  

Get SALT Encoding   

  12  0:02  Probe (Chrono Boost)  
  13  0:16  Probe (Chrono Boost)  
  14  0:31  Pylon, Probe (Chrono Boost)  
  15  0:56  Probe (Chrono Boost)  
  8  1:10  Probe (Chrono Boost)  
  16  1:18  Pylon  
  17  1:23  Probe (Chrono Boost)  
  18  1:37  Probe (Chrono Boost)  
  19  1:51  Probe (Chrono Boost)  
  19  1:53  Nexus  
  20  2:05  Probe (Chrono Boost)  
  21  2:13  Assimilator  
  21  2:16  Assimilator  
  21  2:19  Probe (Chrono Boost)  
  22  2:30  Gateway  
  22  2:33  Probe (Chrono Boost)  
  23  2:47  Probe (Chrono Boost)  
  24  2:55  Pylon  
  24  3:01  Probe (Chrono Boost)  
  25  3:14  Probe (Chrono Boost), Pylon  
  26  3:28  Probe (Chrono Boost)  
  27  3:33  Probe (Chrono Boost)  
  27  3:37  Cybernetics Core  
  28  3:42  Probe (Chrono Boost)  
  28  3:47  Probe (Chrono Boost)  
  30  3:56  Probe (Chrono Boost)  
  31  4:01  Probe (Chrono Boost)  
  32  4:10  Probe (Chrono Boost)  
  32  4:14  Assimilator, Probe (Chrono Boost)  
  32  4:18  Assimilator  
  34  4:28  Probe (Chrono Boost)  
  35  4:43  Probe x2 (Chrono Boost)  
  35  4:47  Warp Gate  
  37  4:52  Death Council  
  37  4:56  Pylon  
  37  4:58  Pylon  
  37  5:09  Probe (Chrono Boost)  
  38  5:20  Probe (Chrono Boost)  
  38  5:23  Probe (Chrono Boost)  
  40  5:31  Gateway  
  40  5:34  Probe (Chrono Boost)  
  40  5:37  Probe (Chrono Boost)  
  42  5:48  Probe (Chrono Boost)  
  43  5:51  Probe (Chrono Boost)  
  43  5:54  Ascendant Archives  
  43  5:55  Forge  
  44  6:01  Gateway  
  44  6:02  Probe (Chrono Boost)  
  44  6:04  Probe (Chrono Boost)  
  44  6:05  Cloaking Module  
  46  6:16  Probe (Chrono Boost)  
  46  6:18  Probe (Chrono Boost)  
  48  6:29  Probe (Chrono Boost)  
  49  6:45  Imposing Presence  
  49  6:48  Probe (Chrono Boost)  
  50  6:52  Gateway  
  50  6:54  Gateway  
  50  6:55  Gateway  
  50  6:59  Gateway, Power Overwhelming (Chrono Boost)  
  50  7:00  Gateway  
  50  7:03  Probe (Chrono Boost)  
  51  7:13  Pylon  
  51  7:33  Nexus  
  51  7:39  Photon Cannon  
  51  7:45  Mind Blast (Chrono Boost)  
  51  7:57  Probe  
  51  7:58  Detect Weakness (Chrono Boost)  
  52  8:07  Pylon  
  52  8:11  Pylon  
  52  8:16  Ascendant  
  52  8:17  Ascendant x3  
  60  8:22  Ascendant  
  60  8:24  Supplicant x2  
  60  8:29  Chaotic Attunement  
  66  8:36  Photon Cannon  
  66  8:59  Photon Cannon  
  66  9:03  Ascendant x2  
  66  9:06  Supplicant x4  
  66  9:07  Supplicant x2  
  82  9:13  Havoc  
  82  9:15  Pylon, Bloodshard Resonance (Chrono Boost)  
  82  9:19  Blood Shields  
  83  9:21  Supplicant x2  
  87  9:32  Supplicant x2  
  87  9:33  Supplicant x2  
  87  9:38  Ascendant  
  81  10:20  Pylon  
  81  10:29  Ascendant  
  83  10:30  Ascendant  
  83  10:32  Supplicant x4  
  83  10:33  Supplicant x6  
  83  10:34  Supplicant x2  
  109  10:49  Protoss Ground Weapons Level 1  
  107  10:53  Soul Augmentation  
  107  10:54  Supplicant x2  
  111  11:02  Supplicant x2  
  111  11:04  Photon Cannon  
  111  11:05  Pylon  
  97  11:35  Ascendant x2  
  97  11:38  Supplicant x8  
  117  11:48  Ascendant  
  119  11:50  Supplicant x2  
  117  12:00  Pylon  
  99  12:28  Mothership  
  97  12:54  Ascendant  
  97  12:55  Ascendant  
  97  12:57  Supplicant x4  
  97  12:58  Supplicant x2  
  107  13:01  Supplicant x4  
  107  13:08  Ascendant  
  87  14:01  Ascendant x2  
  87  14:02  Ascendant  
  87  14:04  Ascendant  
  87  14:07  Supplicant x8  
  87  14:09  Pylon  
  99  14:27  Supplicant x4  
  107  14:33  Supplicant x4  
  113  14:48  Havoc x3  
  114  14:51  Supplicant x6  
  114  14:56  Supplicant x2  
  114  14:57  Supplicant x2  
  120  15:19  Supplicant x4  
  120  15:20  Supplicant x4  
  122  15:30  Supplicant x2  
  122  15:31  Supplicant x6  
  126  16:00  Supplicant x4  
  126  16:01  Supplicant x8  
  126  16:02  Supplicant x2  
  120  16:44  Supplicant x6  
  120  16:45  Supplicant x4  
  138  16:59  Pylon  
  136  17:01  Supplicant x6  
  136  17:07  Protoss Ground Weapons Level 2  
  118  17:31  Mothership  
  114  17:46  Supplicant x6  
  126  17:59  Havoc  
  127  18:08  Pylon, Havoc  
  123  18:18  Supplicant x2  
  123  18:19  Supplicant x8  
  139  18:20  Supplicant x2  
  130  18:46  Supplicant x6  
  130  18:47  Supplicant x2  
  138  18:52  Supplicant x2  
  122  19:36  Supplicant x10  
  122  19:37  Supplicant x2  
  132  19:59  Supplicant x4  
  132  20:00  Supplicant x2  
  142  20:19  Supplicant x2  
  138  20:20  Supplicant x4  
  126  20:54  Pylon  
  114  21:19  Supplicant x2  
  116  21:20  Supplicant x8  
  116  21:21  Supplicant x2  
  136  21:33  Supplicant x4  
  136  21:38  Nexus  
  136  21:51  Supplicant x4  
  136  21:53  Havoc  
  127  22:14  Pylon  
  127  22:19  Supplicant x6  
  113  22:58  Supplicant x8  
  113  22:59  Supplicant x2  
  105  23:32  Pylon  
  105  23:38  Supplicant x4  
  105  23:39  Supplicant x8  
  111  24:13  Supplicant x2  
  111  24:14  Supplicant x6  
  111  24:15  Supplicant x2  
  111  24:16  Supplicant x2  
Show
View Real Time Build Order
Export as new Build Order

CrownChan Terran 

Build Orders:  

Get SALT Encoding   

  12  0:03  SCV  
  13  0:20  SCV  
  14  0:37  SCV  
  15  0:42  Refinery  
  15  0:51  Refinery  
  15  0:56  SCV  
  16  1:13  SCV  
  10  1:30  SCV  
  18  1:42  Barracks  
  18  1:46  SCV  
  19  1:51  Engineering Bay  
  19  1:57  Engineering Bay  
  19  2:03  SCV  
  20  2:28  SCV  
  21  2:31  Terran Infantry Weapons Level 1  
  21  2:33  Terran Infantry Armor Level 1  
  21  2:49  SCV  
  22  3:04  Barracks Tech Lab  
  22  3:27  Factory  
  22  3:28  Ghost Visor  
  22  4:13  Caduceus Reactor  
  22  6:01  Starport  
  22  6:08  Factory Tech Lab  
  22  7:09  Starport Tech Lab  
  22  7:17  Armory  
  22  7:21  Armory  
  22  7:51  Laser Targeting System  
  22  8:21  Super Stimpack  
  22  8:27  Terran Infantry Weapons Level 2  
  22  8:28  Terran Infantry Armor Level 2  
  22  9:06  Suppression Shells  
  22  9:08  Terran Vehicle and Ship Weapons Level 1  
  22  9:09  Terran Vehicle And Ship Armor Level 1  
  22  9:36  Suppression Shells  
  22  10:21  EMP Round  
  22  11:18  SCV  
  23  11:35  SCV  
  24  11:52  SCV  
  25  12:09  SCV  
  26  12:26  SCV  
  27  13:11  SCV  
  28  13:28  SCV  
  29  13:45  SCV  
  30  14:02  SCV  
  31  14:19  SCV  
Tags
 
Add a new tag
Caveats
  • Supply blocks, unpowered buildings, or Contaminate may cause inaccurate times.
  • Supply counts are checked every 10 seconds.